Map: Deathaura LE

Players

uwuThermal (uThermal)

  • Race: Terran Terran
  • League: Grandmaster
  • Spawn Location: 11:00

HeroMarine - Winner!

  • Race: Terran Terran
  • Spawn Location: 5:00

Event: DreamHack SC2 Masters 2020 Fall

VOD

Have the link to the VOD?

Description

Time

  • Played on: Aug. 30, 2020, 2:24 p.m.
  • Length: 10:29

All games in this series

Show
View Real Time Build Order
Export as new Build Order

uwuThermal Terran 

Build Orders: Reaper Expand 

Get SALT Encoding   

  12  0:00  SCV  
  13  0:12  SCV  
  14  0:17  Supply Depot  
  14  0:24  SCV  
  15  0:38  SCV  
  15  0:40  Barracks  
  16  0:47  Refinery  
  16  0:50  SCV  
  17  1:02  SCV  
  18  1:14  SCV  
  19  1:28  Orbital Command  
  19  1:29  Reaper  
  20  1:40  Command Center  
  20  1:54  SCV, Supply Depot  
  21  2:00  Marine  
  22  2:06  SCV  
  22  2:08  Factory  
  23  2:18  SCV  
  23  2:19  Bunker  
  23  2:23  Barracks Reactor  
  23  2:27  Refinery  
  23  2:30  SCV  
  24  2:42  SCV  
  25  2:52  Hellion  
  25  2:53  Orbital Command  
  25  2:54  SCV  
  25  2:56  Starport  
  28  2:59  Marine  
  28  3:01  Marine  
  30  3:06  SCV  
  30  3:14  Factory Tech Lab  
  30  3:17  Marine  
  30  3:18  SCV  
  30  3:19  SCV, Marine  
  34  3:30  SCV  
  34  3:31  SCV  
  34  3:33  Cyclone  
  39  3:35  Marine  
  39  3:37  Marine  
  39  3:38  Supply Depot  
  41  3:43  Starport Tech Lab, SCV  
  41  3:45  SCV  
  43  3:55  SCV, Marine x2  
  46  4:00  SCV, Supply Depot  
  46  4:01  Raven  
  49  4:07  SCV  
  49  4:12  SCV  
  49  4:13  Marine x2  
  52  4:19  SCV  
  52  4:22  Supply Depot  
  52  4:23  Siege Tank  
  52  4:24  SCV  
  57  4:32  Command Center  
  57  4:33  SCV  
  57  4:36  SCV, Marine x2  
  61  4:41  Supply Depot  
  61  4:46  SCV  
  61  4:51  SCV  
  63  4:53  Starport Reactor  
  63  4:54  Refinery  
  63  4:56  Refinery  
  63  4:57  Siege Tank  
  66  5:00  Barracks  
  66  5:02  Barracks  
  66  5:04  SCV  
  66  5:07  SCV, Marine  
  69  5:16  Stimpack, SCV  
  69  5:19  SCV  
  71  5:22  Supply Depot  
  71  5:25  Marine  
  71  5:27  Engineering Bay  
  71  5:28  Engineering Bay, SCV  
  72  5:35  Siege Tank  
  76  5:36  SCV  
  76  5:37  Starport Reactor  
  76  5:40  SCV  
  78  5:43  Marine  
  78  5:47  Orbital Command  
  78  5:48  Marine x2  
  81  5:54  SCV  
  80  5:59  Terran Infantry Armor Level 1, Terran Infantry Weapons Level 1, Marine x2  
  80  6:01  SCV, Marine  
  84  6:07  Siege Tank  
  84  6:08  SCV  
  84  6:10  Orbital Command, Marine x2  
  90  6:13  SCV  
  90  6:16  Supply Depot  
  90  6:17  Supply Depot  
  90  6:18  Marine x2  
  92  6:20  SCV  
  92  6:22  Medivac  
  92  6:24  Medivac  
  98  6:26  Marine  
  98  6:27  Marine  
  98  6:29  SCV  
  101  6:34  SCV, Supply Depot  
  101  6:38  Marine x2  
  104  6:41  Siege Tank  
  104  6:42  Marine  
  104  6:43  SCV  
  104  6:46  Marine  
  110  6:53  Barracks, SCV, Marine  
  110  6:54  Barracks  
  111  6:55  Medivac, Supply Depot  
  111  6:58  Medivac  
  111  7:00  SCV  
  116  7:03  Supply Depot, Marine x2  
  116  7:04  Marine  
  116  7:08  Armory, SCV  
  120  7:11  SCV  
  120  7:13  Refinery  
  120  7:15  SCV  
  122  7:16  Marine  
  122  7:17  Refinery, Supply Depot, Marine  
  122  7:21  Siege Tank  
  122  7:22  SCV  
  128  7:23  SCV  
  128  7:24  Marine  
  128  7:27  Marine  
  128  7:29  Supply Depot  
  131  7:34  Marine  
  134  7:38  SCV  
  134  7:40  Marine  
  134  7:41  Supply Depot x2  
  134  7:42  Combat Shield  
  134  7:43  Barracks Reactor  
  137  7:48  Marine x2, Barracks Reactor  
  137  7:51  SCV  
  139  7:53  Marine  
  139  7:56  Siege Tank  
  139  7:58  Terran Infantry Weapons Level 2  
  141  7:59  Marine  
  141  8:03  Marine  
  141  8:04  Command Center  
  143  8:07  Marine x2  
  143  8:10  Terran Infantry Armor Level 2, Supply Depot  
  143  8:11  Marine  
  144  8:16  Marine  
  145  8:20  Marine  
  145  8:21  Marine x2  
  145  8:23  Sensor Tower  
  145  8:25  SCV x2, Supply Depot, Marine  
  145  8:26  Supply Depot  
  151  8:28  Terran Vehicle Weapons Level 1, Marine  
  151  8:29  Marine  
  151  8:30  SCV  
  154  8:35  Siege Tank, Marine  
  154  8:37  SCV x2  
  154  8:38  Marine  
  161  8:41  Marine  
  161  8:44  Medivac x2  
  161  8:45  Marine  
  161  8:46  Marine  
  168  8:52  SCV, Marine  
  168  8:53  Marine  
  168  8:55  Sensor Tower, Marine x2  
  171  8:59  Factory  
  171  9:00  Marine  
  171  9:02  SCV x2  
  176  9:07  Siege Tank  
  176  9:09  Marine  
  180  9:10  Marine  
  180  9:12  SCV  
  180  9:14  SCV x2, Marine  
  184  9:18  Marine  
  184  9:21  Marine  
  184  9:23  Planetary Fortress  
  186  9:24  Medivac  
  186  9:27  Medivac  
  186  9:29  Marine x3  
  192  9:31  Marine  
  192  9:32  Marine  
  192  9:33  Marine  
  192  9:35  Marine  
  196  9:39  Siege Tank  
  196  9:40  Missile Turret, Marine  
  196  9:45  Factory Tech Lab  
  200  9:47  Refinery  
  200  9:48  Refinery  
  200  9:49  Command Center  
  200  10:02  Missile Turret  
  200  10:03  Command Center  
Show
View Real Time Build Order
Export as new Build Order

HeroMarine Terran - Winner!

Build Orders:  

Get SALT Encoding   

  12  0:00  SCV  
  13  0:12  SCV  
  14  0:17  Supply Depot  
  14  0:24  SCV  
  14  0:27  Refinery  
  15  0:38  SCV  
  16  0:44  Barracks  
  16  0:50  SCV  
  16  0:56  Refinery  
  17  1:03  SCV  
  18  1:15  SCV  
  19  1:31  Orbital Command, Reaper  
  20  1:34  Factory  
  20  1:42  Supply Depot  
  20  1:56  SCV  
  21  2:03  Reaper  
  22  2:08  SCV  
  23  2:18  Hellion  
  23  2:20  SCV  
  26  2:28  Command Center  
  26  2:32  SCV  
  26  2:35  Supply Depot  
  26  2:36  Barracks Reactor  
  27  2:43  Factory Tech Lab  
  27  2:45  SCV  
  27  2:50  Starport  
  28  2:57  SCV  
  29  3:04  Cyclone  
  32  3:09  SCV  
  33  3:15  Marine x2  
  35  3:21  SCV  
  35  3:25  Refinery  
  35  3:26  Starport Tech Lab  
  36  3:33  SCV, Marine x2  
  39  3:41  Orbital Command  
  39  3:45  SCV  
  39  3:46  Raven  
  42  3:57  SCV  
  42  3:58  Siege Tank  
  46  4:07  SCV  
  46  4:09  SCV  
  48  4:16  Command Center  
  48  4:19  SCV  
  48  4:21  SCV  
  48  4:22  Supply Depot  
  50  4:29  Raven  
  50  4:31  SCV  
  53  4:32  Refinery  
  53  4:33  SCV  
  53  4:38  Supply Depot  
  54  4:44  SCV, Marine x2  
  57  4:45  SCV  
  57  4:48  Siege Tank  
  60  4:56  SCV  
  60  4:58  SCV  
  62  5:04  Supply Depot  
  62  5:08  SCV  
  62  5:09  Engineering Bay  
  62  5:10  Engineering Bay, SCV  
  64  5:21  SCV  
  64  5:22  Stimpack, SCV  
  64  5:23  Siege Tank  
  64  5:28  Viking  
  71  5:29  Viking  
  71  5:34  SCV x2  
  75  5:37  Orbital Command  
  75  5:41  Marine  
  76  5:45  Terran Infantry Weapons Level 1  
  76  5:46  SCV x2  
  76  5:47  Terran Infantry Armor Level 1  
  78  5:57  Siege Tank  
  81  5:58  SCV x2  
  81  5:59  Orbital Command  
  81  6:00  Supply Depot  
  81  6:01  Viking  
  81  6:04  Viking  
  87  6:06  Supply Depot  
  87  6:12  SCV x2  
  89  6:22  Barracks  
  89  6:24  Barracks, SCV x2  
  89  6:25  SCV  
  92  6:29  Siege Tank  
  95  6:36  SCV x2  
  95  6:37  SCV  
  95  6:39  Marine  
  93  6:48  SCV  
  93  6:49  SCV x2  
  93  6:53  Viking x2  
  98  6:59  Refinery  
  98  7:00  SCV, Barracks x2, Refinery  
  98  7:01  Siege Tank, SCV  
  103  7:02  SCV  
  103  7:03  Combat Shield  
  104  7:13  SCV x2, Barracks Reactor x2  
  104  7:14  SCV  
  107  7:16  Supply Depot x2  
  107  7:19  Sensor Tower  
  107  7:25  SCV x2  
  107  7:29  Armory  
  109  7:37  Medivac x2, SCV, Marine  
  109  7:38  SCV x2  
  117  7:45  Supply Depot  
  117  7:46  Supply Depot  
  117  7:47  Barracks Reactor x2  
  117  7:49  Marine x2  
  117  7:50  Supply Depot, Marine x2  
  121  7:55  Supply Depot, Marine  
  121  7:56  SCV x3  
  123  8:07  Siege Tank, Marine x3  
  123  8:08  Marine  
  123  8:11  Medivac x2  
  134  8:13  Marine  
  134  8:15  Supply Depot  
  134  8:16  Missile Turret  
  135  8:22  Marine x2  
  135  8:25  Marine x4  
  141  8:36  Marine  
  141  8:37  Factory, Command Center  
  141  8:38  SCV x3  
  141  8:40  Barracks Reactor  
  142  8:41  Marine  
  142  8:44  Siege Tank  
  146  8:53  Marine x4  
  150  8:55  Viking  
  150  8:56  Viking  
  150  8:58  Marine  
  150  8:59  Supply Depot x2  
  150  9:01  Marine x2  
  157  9:07  Marine  
  158  9:10  Marine  
  158  9:12  Missile Turret  
  158  9:25  Viking  
  158  9:26  Viking  
  158  9:27  Marine x3  
  158  9:29  Marine x2  
  167  9:33  Siege Tank  
  167  9:34  Siege Tank  
  167  9:35  Marine x4  
  177  9:38  Marine  
  177  9:41  Supply Depot  
  177  9:42  Supply Depot  
  177  9:43  SCV x3  
  177  9:44  Missile Turret  
  177  9:45  Marine x3  
  182  9:47  Marine  
  185  9:55  Sensor Tower, Refinery  
  185  9:56  SCV x2, Refinery  
  185  9:57  SCV  
  188  10:00  Marine x3  
  188  10:01  Marine x3  
  188  10:03  Marine x2  

Tags
 
Add a new tag
Caveats
  • Supply blocks, unpowered buildings, or Contaminate may cause inaccurate times.
  • Supply counts are checked every 10 seconds.